 Dungeon Crawl Stone Soup version 0.30-a0-728-gc68057be0a (webtiles) character file.

Game seed: 16279933297954029886

2015 Rrauwl the Basher (level 9, -2/89 HPs)
             Began as an Ogre Brigand on Jan 31, 2023.
             Slain by a killer bee (4 damage)
             ... on level 6 of the Dungeon.
             The game lasted 00:21:35 (7075 turns).

Rrauwl the Basher (Ogre Brigand)                    Turns: 7075, Time: 00:21:36

Health: -2/89      AC:  5    Str: 21    XL:     9   Next: 22%
Magic:  9/9        EV: 10    Int: 12    God:
Gold:   290        SH:  0    Dex: 10    Spells: 4/8 levels left

rFire   . . .      SeeInvis .    a - +4 mace
rCold   . . .      Faith    .    (no shield)
rNeg    . . .      Spirit   .    b - +0 robe
rPois   .          Reflect  .    (helmet restricted)
rElec   .          Harm     .    l - +1 cloak
rCorr   .          Rampage  .    (gloves unavailable)
Will    .....                    (boots unavailable)
Stlth   ++                       (no amulet)
HPRegen 0.34/turn                (no ring)
MPRegen 0.11/turn                (no ring)

@: lethally poisoned (-2 -> -15), on berserk cooldown, slowed, very slow
A: large, unfitting armour, tough skin 1
a: no special abilities


You were on level 6 of the Dungeon.
You visited 1 branch of the dungeon, and saw 6 of its levels.
You also visited: Ossuary.

You collected 290 gold pieces.

Inventory:

Hand Weapons
 a - a +4 mace (weapon)
 c - a +0 giant spiked club
Missiles
 d - 11 poisoned darts (quivered)
 e - 3 curare-tipped darts
 h - 2 throwing nets
Armour
 b - a +0 robe (worn)
 l - a +1 cloak (worn)
Wands
 v - a wand of flame (4)
 w - a wand of digging (4)
Scrolls
 f - a scroll of immolation
 i - 3 scrolls of fear
 k - a scroll of fog
 m - 4 scrolls of teleportation
 q - a scroll of blinking
 s - 4 scrolls of identify
 u - a scroll of poison
Potions
 g - 2 potions of flight
 j - 2 potions of ambrosia
 n - a potion of brilliance
 r - a potion of curing
 t - 3 potions of magic


   Skills:
 - Level 6.0 Fighting
 - Level 2.0 Short Blades
 + Level 9.6 Maces & Flails
 - Level 2.0 Throwing
 - Level 3.0 Dodging
 - Level 3.0 Stealth


You had 4 spell levels left.
You knew the following spells:

 Your Spells              Type           Power      Damage    Failure   Level
a - Passwall              Tmut/Erth      0%         N/A       45%         2
b - Blink                 Tloc           0%         N/A       45%         2

Your spell library contained the following spells:

 Spells                   Type           Power      Damage    Failure   Level
 Sandblast                Erth           0%         2d4       32%         1
 Sublimation of Blood     Necr           0%         N/A       45%         2
 Wereblood                Tmut           0%         N/A       45%         2
 Stone Arrow              Conj/Erth      0%         3d7       69%         3
 Manifold Assault         Tloc           0%         N/A       97%         4
 Storm Form               Tmut/Air       0%         N/A       100%        7
 Summon Hydra             Summ           0%         N/A       100%        7


Dungeon Overview and Level Annotations

Branches:
Dungeon (6/15)            Ossuary (visited)
 Temple: D:4-7

Altars:
Cheibriados
Elyvilon
Nemelex Xobeh
Ru
Trog
Uskayaw
Vehumet
Wu Jian
Xom

Shops:
D:4 (


Innate Abilities, Weirdness & Mutations

You are too large for most types of armour.
You have tough skin. (AC +1)


Message History

Aim: a killer bee (39% to hit)
The puff of flame misses the killer bee.
The puff of flame hits the killer bee!
The killer bee is heavily wounded.
The killer bee barely misses you. The killer bee stings you.
* * * LOW HITPOINT WARNING * * *
You are poisoned.
The killer bee poisons you! The killer bee closely misses you.
Aiming: Throw Flame
Press: ? - help, Shift-Dir - straight line, f - killer bee
Aim: a killer bee (moderately wounded, 39% to hit)
The puff of flame hits the killer bee!
The killer bee is almost dead.
You feel very sick. The killer bee stings you.
* * * LOW HITPOINT WARNING * * *
You are more poisoned.
The killer bee poisons you! The killer bee barely misses you. x2
Okay, then.
Okay, then.
Aiming: Throw Flame
Press: ? - help, Shift-Dir - straight line, f - killer bee, p - killer bee
Aim: a killer bee (heavily wounded, 39% to hit)
The puff of flame hits the killer bee!
You kill the killer bee!
* * * LOW HITPOINT WARNING * * *
You feel very sick.
The killer bee stings you but does no damage. x2
Aiming: Throw Flame
Press: ? - help, Shift-Dir - straight line, f/p - killer bee
Aim: a killer bee (heavily wounded, 39% to hit)
The puff of flame hits the killer bee.
The killer bee is severely wounded.
You feel very sick. The killer bee stings you.
* * * LOW HITPOINT WARNING * * *
You are more poisoned.
The killer bee poisons you! The killer bee barely misses you.
The killer bee stings you.
You die...

###### ### #≈~..♣♣♣..
#~~P.....
########.P.♣♣.♣♣
########.......P.♣♣...♣♣
...............♣@♣....P♣.
####.........##♣Py.._...P
#.........##♣.♣P...P♣.
####.#.......##..♣♣P.P♣♣
.........######.P.♣ ♣♣
...............~~P..PyyP
......##.######≈≈.P♣♣♣P.≈
..b......# #.....
......#### ###....


You could see a killer bee.

Vanquished Creatures
  Menkaure (D:4)
  A sky beast (D:6)
  3 ogres
  A phantom (D:6)
  A gnoll sergeant (D:5)
  4 scorpions
  4 killer bees (D:6)
  2 howler monkeys (D:6)
  2 centaur zombies (Ossuary)
  2 human zombies (Ossuary)
  2 orc priests (D:4)
  2 hounds
  2 jellies (D:5)
  A gnoll bouda (D:5)
  5 iguanas
  Ijyb (D:3)
  Natasha (D:2)
  3 orc wizards
  4 mummies
  13 gnolls
  3 adders
  A white imp (D:6)
  An ufetubus (D:4)
  A dart slug (D:1)
  12 orcs
  8 ball pythons
  8 endoplasms
  6 giant cockroaches
  8 goblins
  7 hobgoblins
  9 jackals
  4 quokkas
  14 bats
  3 frilled lizards
  2 goblin zombies (Ossuary)
  12 kobolds
  A kobold zombie (Ossuary)
  An orc zombie (Ossuary)
  9 rats
165 creatures vanquished.

Vanquished Creatures (others)
  A demonic plant (D:1)
1 creature vanquished.

Grand Total: 166 creatures vanquished

Notes
Turn   | Place    | Note
-------+----------+-------------------------------------------
     0 | D:1      | Rrauwl the Ogre Brigand began the quest for the Orb.
     0 | D:1      | Reached XP level 1. HP: 22/22 MP: 1/1
    37 | D:1      | Reached skill level 1 in Dodging
    86 | D:1      | Reached XP level 2. HP: 8/31 MP: 2/2
   208 | D:1      | Found a faded altar of an unknown god.
   479 | D:1      | Reached XP level 3. HP: 39/39 MP: 3/3
   661 | D:1      | Learned a level 2 spell: Passwall
   953 | D:2      | Reached XP level 4. HP: 42/49 MP: 4/4
  1029 | D:2      | Noticed Natasha
  1045 | D:2      | Killed Natasha
  1046 | D:2      | Reached skill level 1 in Maces & Flails
  1133 | D:2      | Reached skill level 5 in Fighting
  1271 | D:2      | Reached XP level 5. HP: 26/57 MP: 5/5
  1753 | D:2      | Reached skill level 2 in Maces & Flails
  1995 | D:2      | Found Fig Feh's Antique Weapon Shop.
  2427 | D:3      | Noticed Ijyb
  2439 | D:3      | Killed Ijyb
  3029 | D:4      | Found Uluvviyme's Weapon Boutique.
  3086 | D:4      | Reached skill level 3 in Maces & Flails
  3086 | D:4      | Reached XP level 6. HP: 67/67 MP: 6/6
  3278 | D:4      | Found a sand-covered staircase.
  3283 | Ossuary  | Entered an ossuary
  3514 | Ossuary  | Reached skill level 4 in Maces & Flails
  3570 | Ossuary  | Learned a level 2 spell: Blink
  3643 | Ossuary  | Reached XP level 7. HP: 62/75 MP: 7/7
  3754 | D:4      | Reached skill level 5 in Maces & Flails
  4096 | D:4      | Noticed Menkaure
  4101 | D:4      | Killed Menkaure
  4102 | D:4      | Reached skill level 6 in Maces & Flails
  4243 | D:4      | Reached XP level 8. HP: 72/83 MP: 8/8
  4459 | D:5      | Entered Level 5 of the Dungeon
  4483 | D:5      | Found a snail-covered altar of Cheibriados.
  4728 | D:5      | Reached skill level 7 in Maces & Flails
  4838 | D:5      | Found a hide-covered altar of Uskayaw.
  5224 | D:5      | Found a radiant altar of Vehumet.
  5225 | D:5      | Found an ornate altar of the Wu Jian Council.
  5336 | D:5      | Found a sparkling altar of Nemelex Xobeh.
  5336 | D:5      | Found a shimmering altar of Xom.
  5337 | D:5      | Found a bloodstained altar of Trog.
  5343 | D:5      | Found a sacrificial altar of Ru.
  5847 | D:5      | Reached skill level 8 in Maces & Flails
  6754 | D:6      | Reached XP level 9. HP: 49/89 MP: 9/9
  6876 | D:6      | Reached skill level 9 in Maces & Flails
  7035 | D:6      | Found a white marble altar of Elyvilon.
  7068 | D:6      | HP: 4/89 [killer bee (3)]
  7075 | D:6      | HP: 2/89 [killer bee (5)]
  7075 | D:6      | Slain by a killer bee

Illustrated notes

Levels and vault maps discovered:
D:1:      onia_arrival_pentagram, layout_basic,
          dreamdust_ecumenical_altar_sealed_demon
D:2:      minmay_general_purpose_star, layout_loops_ring, serial_shops,
          nicolae_shop_crystal, uniq_natasha
D:3:      layout_loops_ring, uniq_ijyb
D:4:      layout_rooms, serial_shops, nicolae_shop_bloodbath_and_beyond,
          nicolae_ossuary_entry_plus, chequers_mini_garden,
          kennysheep_generic_room_16, uniq_menkaure
D:5:      layout_basic, nicolae_overflow_hallway_of_the_gods, slow_altar_1,
          nicolae_elevator_lobby_asterisk
D:6:      layout_basic, nicolae_elyvilon_peaceful_grove,
          gammafunk_temple_overflow_statue

Skill      XL: |  1  2  3  4  5  6  7  8  9 |
---------------+----------------------------+-----
Stealth        | 3 |  3.0
Dodging        | 1 2 3 |  3.0
Fighting       | 3 4 5 6 |  6.0
Short Blades   | 2 |  2.0
Maces & Flails | 1 3 4 6 8 9 |  9.6
Throwing       | |  2.0

Action                     |  1- 3 |  4- 6 |  7- 9 || total
---------------------------+-------+-------+-------++-------
  Melee: Dagger            |    90 |       |       ||    90
         Mace              |    34 |   193 |   240 ||   467
         Punch             |       |     1 |     2 ||     3
  Throw: Dart              |       |     3 |       ||     3
  Evoke: Wand              |       |    11 |     8 ||    19
    Use: Potion            |     4 |     8 |     9 ||    21
         Scroll            |     1 |    11 |     2 ||    14
   Stab: Sleeping          |     5 |    11 |     4 ||    20
         Distracted        |     1 |     1 |       ||     2
 Armour: Robe              |    46 |    72 |    42 ||   160
         Skin              |       |     3 |    25 ||    28
  Dodge: Dodged            |    58 |   110 |    95 ||   263

Table legend: (Time is in decaauts)
 A = Elapsed time spent in this place.
 B = Non-inter-level travel time spent in this place.
 C = Inter-level travel time spent in this place.
 D = Time resting spent in this place.
 E = Time spent auto-exploring this place.
 F = Levels seen in this place.
 G = Mean time per level.
                   A        B        C        D        E       F      G
               +--------+--------+--------+--------+--------+-----+--------+
         Total |   7128 |   7006 |    122 |    282 |   5122 |   7 | 1018.3 |
       Dungeon |   6678 |   6556 |    122 |    246 |   4982 |   6 | 1113.0 |
       Ossuary |    450 |    450 |      0 |     36 |    140 |   1 |  450.0 |
               +--------+--------+--------+--------+--------+-----+--------+

Top non-repeatable levels by time:
     D:5: 1687 daAuts
     D:2: 1361 daAuts
     D:4: 1187 daAuts
     D:3: 978 daAuts
     D:6: 745 daAuts
     D:1: 717 daAuts
 Ossuary: 450 daAuts
